 Dungeon Crawl Stone Soup version 0.28.0-49-g6dfe1f597d (webtiles) character file.

Game seed: 1427360776810190726

1092 tife0686 the Ruffian (level 8, -5/121 HPs)
             Began as an Ogre Berserker on May 15, 2022.
             Was a Priest of Trog.
             Succumbed to Edmund's poison
             ... on level 5 of the Dungeon.
             The game lasted 00:29:48 (4504 turns).

tife0686 the Ruffian (Ogre Berserker)               Turns: 4504, Time: 00:29:48

Health: -5/121     AC:  7    Str: 24    XL:     8   Next: 31%
Magic:  8/8        EV: 11    Int:  8    God:    Trog [***...]
Gold:   199        SH:  0    Dex: 14    Spells: 7/7 levels left

rFire   . . .      SeeInvis .     - Unarmed
rCold   . . .      Faith    .   (no shield)
rNeg    . . .      Spirit   .   a - +0 animal skin
rPois   .          Reflect  .   (helmet restricted)
rElec   .          Harm     .   (no cloak)
rCorr   .          Rampage  .   (gloves unavailable)
Will    ++...                   (boots unavailable)
Stlth   ..........              (no amulet)
HPRegen 1.30/turn               b - +4 ring of protection
MPRegen 0.11/turn               g - +6 ring of dexterity

@: berserking, lethally poisoned (-5 -> -42), strong-willed, regenerating,
studying Throwing, very quick
A: large, unfitting armour, tough skin 1
a: Renounce Religion, Berserk, Trog's Hand


You were on level 5 of the Dungeon.
You worshipped Trog.
Trog was most pleased with you.
You visited 1 branch of the dungeon, and saw 5 of its levels.

You collected 199 gold pieces.

Inventory:

Armour
 a - a +0 animal skin (worn)
 d - a +0 leather armour
Jewellery
 b - a +4 ring of protection (left hand)
 c - the ring of Wicluvu {Fire Int-5 Dex+9}
   (You found it on level 4 of the Dungeon)

   [ring of fire]

   It enhances your fire magic.
   Int:       It affects your intelligence (-5).
   Dex:       It affects your dexterity (+9).
   rF:        It protects you from fire.
   rC:        It makes you vulnerable to cold.
 g - a +6 ring of dexterity (right hand)
Scrolls
 f - 3 scrolls of teleportation
Potions
 e - a potion of mutation {unknown}
 h - a potion of haste {unknown}


   Skills:
 + Level 5.5 Fighting
 + Level 5.1 Dodging
 + Level 7.5 Unarmed Combat


You had 7 spell levels left.
You didn't know any spells.
Your spell library was empty.

Dungeon Overview and Level Annotations

Branches:
Dungeon (5/15)
 Temple: D:4-7

Altars:


Innate Abilities, Weirdness & Mutations

You are too large for most types of armour.
You have tough skin. (AC +1)


Message History

Edmund hits you with a +1 flail of venom.
You are more poisoned.
You hit Edmund.
Edmund is moderately wounded.
You feel very sick.
Edmund hits you with a +1 flail of venom!
You hit Edmund.
Edmund is heavily wounded.
You feel very sick.
You hit Edmund but do no damage.
Edmund is heavily wounded.
You feel very sick.
Edmund hits you with a +1 flail of venom.
You are more poisoned.
You barely miss Edmund.
Edmund is moderately wounded.
You feel very sick.
Edmund hits you with a +1 flail of venom!
You are lethally poisoned!
A red film seems to cover your vision as you go berserk!
You feel yourself moving faster!
You feel mighty!
You feel extremely sick.
Edmund hits you with a +1 flail of venom.
* * * LOW HITPOINT WARNING * * *
You are lethally poisoned!
You pummel Edmund!!
Edmund is almost dead.
* * * LOW HITPOINT WARNING * * *
You feel very sick.
Edmund says, "People think my brother is the best.
I think he's crazy."
Edmund hits you with a +1 flail of venom!
* * * LOW HITPOINT WARNING * * *
You are more poisoned.
You punch Edmund!
You kill Edmund!
Trog accepts your kill.
* * * LOW HITPOINT WARNING * * *
You feel extremely sick.
You are too berserk!
You die...

## .#. .. .# .... #.#
#####.# ...##.#
.....##.# #.....
#.)....#
####.#.#######.###.###
..............@.......
##......####.....###
#............#####
#.......###......#
#.......# #.####.#
..#.......# #..
.#..#.##'#### #.#.
....#.....# #....
.#.#####..## #.# ##


There were no monsters in sight!

Vanquished Creatures
  Prince Ribbit (D:5)
  Edmund (D:5)
  2 black bears
  2 ogres
  A scorpion (D:5)
  A howler monkey (D:4)
  2 centaur zombies (D:5)
  A hound (D:3)
  An orc priest (D:3)
  2 iguanas (D:4)
  An orc wizard (D:3)
  A hound skeleton (D:4)
  5 adders
  An adder skeleton (D:4)
  4 worms
  4 orcs
  6 ball pythons
  3 bats (D:1)
  6 endoplasms
  5 giant cockroaches
  6 hobgoblins
  4 jackals (D:2)
  8 kobolds
  3 quokkas
  3 frilled lizards
  12 goblins
  4 rats
90 creatures vanquished.

Notes
Turn   | Place    | Note
-------+----------+-------------------------------------------
     0 | D:1      | tife0686 the Ogre Berserker began the quest for the Orb.
     0 | D:1      | Reached XP level 1. HP: 24/24 MP: 1/1
   187 | D:1      | Reached XP level 2. HP: 30/32 MP: 2/2
   398 | D:1      | Reached skill level 3 in Unarmed Combat
   415 | D:1      | Found a faded altar of an unknown god.
   789 | D:1      | Reached ** piety under Trog
   790 | D:1      | Reached XP level 3. HP: 40/40 MP: 3/3
  1155 | D:2      | Reached XP level 4. HP: 42/49 MP: 4/4
  1717 | D:3      | Reached skill level 4 in Unarmed Combat
  1776 | D:3      | Reached XP level 5. HP: 53/55 MP: 5/5
  1834 | D:3      | Noticed a black bear
  1846 | D:3      | Killed a black bear
  1847 | D:3      | Reached skill level 5 in Unarmed Combat
  1847 | D:3      | Reached XP level 6. HP: 65/65 MP: 6/6
  2178 | D:3      | Reached *** piety under Trog
  3131 | D:4      | Reached skill level 5 in Fighting
  3450 | D:4      | Reached XP level 7. HP: 72/72 MP: 7/7
  3510 | D:4      | Identified the ring of Wicluvu {Fire Int-5 Dex+9}
  3641 | D:4      | Reached skill level 6 in Unarmed Combat
  4119 | D:5      | Entered Level 5 of the Dungeon
  4223 | D:5      | Noticed Prince Ribbit
  4238 | D:5      | Killed Prince Ribbit
  4244 | D:5      | Reached skill level 7 in Unarmed Combat
  4244 | D:5      | Reached XP level 8. HP: 52/81 MP: 8/8
  4479 | D:5      | Reached skill level 5 in Dodging
  4487 | D:5      | Noticed Edmund
  4503 | D:5      | Killed Edmund
  4503 | D:5      | HP: 2/121 [poisoned by Edmund]
  4504 | D:5      | Succumbed to Edmund's poison

Illustrated notes

Levels and vault maps discovered:
D:1:      lightli_arrival_statue_moat, layout_rooms, basic_ecumenical_altar,
          serial_forest, infiniplex_forest_lined_room_,
          infiniplex_forest_corner_2, infiniplex_forest_straight_5,
          infiniplex_forest_straight_5, infiniplex_forest_lined_corner,
          infiniplex_forest_lined_2
D:2:      layout_basic
D:3:      layout_loops_ring
D:4:      layout_gridville
D:5:      layout_basic, uniq_menkaure, uniq_prince_ribbit1, uniq_edmund

Skill      XL: |  1  2  3  4  5  6  7  8 |
---------------+-------------------------+-----
Unarmed Combat | 3 4 5 7 |  7.5
Dodging        | 3 4 5 |  5.1
Fighting       | 5 |  5.5

Action                   |  1- 3 |  4- 6 |  7- 9 || total
-------------------------+-------+-------+-------++-------
Melee: Unarmed           |   162 |   175 |    61 ||   398
       Punch             |     3 |     7 |       ||    10
Invok: Berserk           |       |     3 |     2 ||     5
       Trog's Hand       |       |       |     1 ||     1
  Use: Scroll            |     2 |     3 |     1 ||     6
       Potion            |     1 |     2 |       ||     3
 Stab: Sleeping          |       |       |     1 ||     1
Armor: Animal skin       |    61 |    52 |    35 ||   148
Dodge: Dodged            |    84 |    65 |    40 ||   189
